3L
PHILADELPHIA 1776 BC @ KINGSTON TOWNSHIP LEGION
10/14/2028
 
TOP OF THE 1ST
Philadelphia 1776 BC batting - Pitching for Kingston Township Legion : RHP Taro Ohayashi
Pitching: RHP Taro Ohayashi
Batting: LHB Tony Vega 0-0: Ball
1-0: Called Strike
1-1: Ball
2-1: Ball
3-1: Base on Balls
Batting: RHB Jesús Orozco 0-0: Swinging Strike
0-1: Ball
1-1: Called Strike
Tony Vega is caught stealing 2nd base
1-2: Ball
2-2: Ball
3-2: Foul Ball, location: 2F
3-2: Base on Balls
Batting: LHB José Rodríguez 0-0: Called Strike
0-1: Ball
Wild Pitch!
Jesús Orozco to second
1-1: Ball
2-1: Foul Ball, location: 2F
2-2: Ball
3-2: Foul Ball, location: 2F
3-2: Strikes out swinging
Batting: LHB Cliff Aldridge 0-0: Ball
1-0: SINGLE (Line Drive, 34D)
Jesús Orozco to third
Runner from 3rd tries for Home, SAFE, no throw
Batting: SHB Sam Quint 0-0: Swinging Strike
0-1: Ball
1-1: Swinging Strike
1-2: Ball
2-2: DOUBLE (Groundball, 3L)
Cliff Aldridge to third
Batting: RHB John Schnatter 0-0: Called Strike
0-1: Foul Ball, location: 2F
0-2: Strikes out swinging
Top of the 1st over - 1 run(s), 2 hit(s), 0 error(s), 2 left on base; Philadelphia 1776 1 - Kingston Township 0
BOTTOM OF THE 1ST
Kingston Township Legion batting - Pitching for Philadelphia 1776 BC : RHP Bill Tugwell
Pitching: RHP Bill Tugwell
Batting: LHB António González 0-0: Ball
1-0: Foul Ball, location: 2F
1-1: Foul Ball, location: 2F
1-2: Ball
2-2: Strikes out looking
Batting: RHB José Icaza 0-0: Ball
1-0: Called Strike
1-1: Ground out 6-3 (Groundball, 6)
Batting: RHB EP Weston 0-0: Ball
1-0: Foul Ball, location: 2F
1-1: Ball
2-1: Fly out, F8 (Flyball, 8LM)
Bottom of the 1st over - 0 run(s), 0 hit(s), 0 error(s), 0 left on base; Philadelphia 1776 1 - Kingston Township 0
TOP OF THE 2ND
Philadelphia 1776 BC batting - Pitching for Kingston Township Legion : RHP Taro Ohayashi
Batting: LHB Jeff Rutherford 0-0: Ball
1-0: Called Strike
1-1: Called Strike
1-2: Foul Ball, location: 2F
1-2: Ball
2-2: Strikes out swinging
Batting: SHB Jesús Cabańe 0-0: Ball
1-0: Ball
2-0: Fly out, F8 (Flyball, 8LS)
Batting: RHB Patrizio Vanali 0-0: Ball
1-0: Ground out 4-3 (Groundball, 4)
Top of the 2nd over - 0 run(s), 0 hit(s), 0 error(s), 0 left on base; Philadelphia 1776 1 - Kingston Township 0
BOTTOM OF THE 2ND
Kingston Township Legion batting - Pitching for Philadelphia 1776 BC : RHP Bill Tugwell
Batting: RHB Clarence Neal 0-0: Ball
1-0: Called Strike
1-1: SOLO HOME RUN (Flyball, 7D), Distance : 405 ft
Batting: RHB Jim Scott 0-0: Foul Ball, location: 2F
0-1: Fly out, F2 (Popup, 3S)
Batting: RHB Dani Trejo 0-0: Called Strike
0-1: Ball
1-1: Ball
2-1: Fly out, F7 (Flyball, 7S)
Batting: RHB Alfredo Cardenas 0-0: Ball
1-0: Ball
2-0: SINGLE (Line Drive, 7LS)
Batting: RHB Juan Aguirre 0-0: Ball
1-0: Ball
2-0: Fielders Choice at 2nd, 6-4 (Groundball, 6)
Bottom of the 2nd over - 1 run(s), 2 hit(s), 0 error(s), 0 left on base; Philadelphia 1776 1 - Kingston Township 1
TOP OF THE 3RD
Philadelphia 1776 BC batting - Pitching for Kingston Township Legion : RHP Taro Ohayashi
Batting: LHB Tony Vega 0-0: Called Strike
0-1: Called Strike
0-2: Ball
1-2: Ground out 4-3 (Groundball, 34)
Batting: RHB Jesús Orozco 0-0: Ball
1-0: Ball
2-0: Called Strike
2-1: Ball
3-1: Swinging Strike
3-2: Base on Balls
Batting: LHB José Rodríguez 0-0: Called Strike
0-1: Foul Ball, location: 2F
0-2: Foul Ball, location: 2F
0-2: Ball
1-2: Foul Ball, location: 2F
1-2: Ball
2-2: Ball
3-2: SINGLE (Groundball, 6MD)
Jesús Orozco to second
Runner from 2nd tries for 3rd, SAFE, throw made to third
Batting: LHB Cliff Aldridge 0-0: Ball
1-0: Fielders Choice at 2nd, 3-6 (Groundball, 3)
Jesús Orozco scores
Batting: SHB Sam Quint 0-0: Ball
1-0: Ball
2-0: Ground out U3 (Groundball, 3)
Top of the 3rd over - 1 run(s), 1 hit(s), 0 error(s), 1 left on base; Philadelphia 1776 2 - Kingston Township 1
BOTTOM OF THE 3RD
Kingston Township Legion batting - Pitching for Philadelphia 1776 BC : RHP Bill Tugwell
Batting: LHB Tommy Sullivan 0-0: Ball
1-0: Called Strike
1-1: Foul Ball, location: 2F
1-2: Foul Ball, location: 2F
1-2: Fly out, F9 (Flyball, 9S)
Batting: LHB António González 0-0: Called Strike
0-1: Ball
1-1: Ball
2-1: Ball
3-1: Foul Ball, location: 2F
3-2: Hit by Pitch
Batting: RHB José Icaza 0-0: Called Strike
0-1: Ball
1-1: Foul Ball, location: 2F
1-2: Strikes out swinging
Batting: RHB EP Weston 0-0: Ball
1-0: Swinging Strike
1-1: Foul Ball, location: 2F
1-2: Foul Ball, location: 2F
1-2: Fly out, F8 (Line Drive, 8LM)
Bottom of the 3rd over - 0 run(s), 0 hit(s), 0 error(s), 1 left on base; Philadelphia 1776 2 - Kingston Township 1
TOP OF THE 4TH
Philadelphia 1776 BC batting - Pitching for Kingston Township Legion : RHP Taro Ohayashi
Batting: RHB John Schnatter 0-0: Ball
1-0: Ball
2-0: Ball
3-0: Called Strike
3-1: Foul Ball, location: 2F
3-2: Base on Balls
Batting: LHB Jeff Rutherford 0-0: Ball
John Schnatter steals 2nd base
1-0: Ground out 4-3 (Groundball, 34D)
John Schnatter to third
Batting: SHB Jesús Cabańe 0-0: Ball
1-0: Ball
2-0: SINGLE (Flyball, 89S)
John Schnatter scores
Batting: RHB Patrizio Vanali 0-0: Ball
1-0: Foul Ball, location: 2F
1-1: Called Strike
1-2: Strikes out looking
Batting: LHB Tony Vega 0-0: Ball
1-0: Ball
Jesús Cabańe steals 2nd base
2-0: Called Strike
2-1: Foul Ball, location: 2F
2-2: Ball
3-2: Fly out, F7 (Flyball, 78S)
Top of the 4th over - 1 run(s), 1 hit(s), 0 error(s), 1 left on base; Philadelphia 1776 3 - Kingston Township 1
BOTTOM OF THE 4TH
Kingston Township Legion batting - Pitching for Philadelphia 1776 BC : RHP Bill Tugwell
Batting: RHB Clarence Neal 0-0: Ball
1-0: Ground out 5-3 (Groundball, 56)
Batting: RHB Jim Scott 0-0: Ball
1-0: Called Strike
1-1: Ball
2-1: Ball
3-1: Called Strike
3-2: Fly out, F8 (Flyball, 8RS)
Batting: RHB Dani Trejo 0-0: Foul Ball, location: 2F
0-1: Ball
1-1: Ball
2-1: Swinging Strike
2-2: Ball
3-2: Ground out 5-3 (Groundball, 56)
Bottom of the 4th over - 0 run(s), 0 hit(s), 0 error(s), 0 left on base; Philadelphia 1776 3 - Kingston Township 1
TOP OF THE 5TH
Philadelphia 1776 BC batting - Pitching for Kingston Township Legion : RHP Taro Ohayashi
Batting: RHB Jesús Orozco 0-0: SINGLE (Line Drive, 8RS)
Batting: LHB José Rodríguez 0-0: Foul Ball, location: 2F
0-1: Ball
1-1: Ball
2-1: Ball
3-1: Swinging Strike
3-2: Base on Balls
Jesús Orozco to second
Batting: LHB Cliff Aldridge 0-0: Ball
1-0: Foul Ball, location: 2F
1-1: Fly out, F4 (Popup, 4MD)
Batting: SHB Sam Quint 0-0: Ball
1-0: DOUBLE (Flyball, 78XD)
Jesús Orozco scores
José Rodríguez to third
Runner from 3rd tries for Home, SAFE, no throw
Batting: RHB John Schnatter 0-0: Foul Ball, location: 2F
0-1: Swinging Strike
0-2: Strikes out looking
Batting: LHB Jeff Rutherford 0-0: Fly out, F2 (Popup, 13S)
Top of the 5th over - 2 run(s), 2 hit(s), 0 error(s), 1 left on base; Philadelphia 1776 5 - Kingston Township 1
BOTTOM OF THE 5TH
Kingston Township Legion batting - Pitching for Philadelphia 1776 BC : RHP Bill Tugwell
Batting: RHB Alfredo Cardenas 0-0: Ball
1-0: Ball
2-0: Ball
3-0: Called Strike
3-1: Fly out, F7 (Line Drive, 7D)
Batting: RHB Juan Aguirre 0-0: Called Strike
0-1: Called Strike
0-2: Ball
1-2: Strikes out swinging
Batting: LHB Tommy Sullivan 0-0: Ball
1-0: DOUBLE (Line Drive, 89XD)
Batting: LHB António González 0-0: Ball
1-0: Ball
2-0: Ground out 4-3 (Groundball, 34D)
Bottom of the 5th over - 0 run(s), 1 hit(s), 0 error(s), 1 left on base; Philadelphia 1776 5 - Kingston Township 1
TOP OF THE 6TH
Philadelphia 1776 BC batting - Pitching for Kingston Township Legion : RHP Taro Ohayashi
Batting: SHB Jesús Cabańe 0-0: Ball
1-0: Ball
2-0: Ball
3-0: Called Strike
3-1: Base on Balls
Batting: RHB Patrizio Vanali 0-0: Foul Ball, location: 2F
0-1: Ball
1-1: Called Strike
1-2: Foul Ball, location: 2F
1-2: Ball
2-2: Grounds into double play, 5-4-3 (Groundball, 5)
Batting: LHB Tony Vega 0-0: Ball
1-0: Ball
2-0: Ball
3-0: Called Strike
3-1: Base on Balls
Pitching: LHP Roger Shaw
Batting: RHB Jesús Orozco 0-0: Ball
1-0: Ball
2-0: Foul Ball, location: 2F
2-1: Ball
3-1: Base on Balls
Tony Vega to second
Batting: LHB José Rodríguez 0-0: Called Strike
0-1: Ball
1-1: Ball
2-1: Ball
3-1: Base on Balls
Tony Vega to third
Jesús Orozco to second
Batting: LHB Cliff Aldridge 0-0: Called Strike
0-1: Foul Ball, location: 2F
0-2: Ball
1-2: Foul Ball, location: 2F
1-2: Foul Ball, location: 2F
1-2: Ball
2-2: Fly out, F7 (Flyball, 7)
Top of the 6th over - 0 run(s), 0 hit(s), 0 error(s), 3 left on base; Philadelphia 1776 5 - Kingston Township 1
BOTTOM OF THE 6TH
Kingston Township Legion batting - Pitching for Philadelphia 1776 BC : RHP Bill Tugwell
Batting: RHB José Icaza 0-0: Called Strike
0-1: Ball
1-1: Ball
2-1: Foul Ball, location: 2F
2-2: Foul Ball, location: 2F
2-2: Foul Ball, location: 2F
2-2: SINGLE (Line Drive, 8RS)
Batting: RHB EP Weston 0-0: Ball
1-0: Ball
2-0: Foul Ball, location: 2F
2-1: Swinging Strike
2-2: SINGLE (Line Drive, 8LS)
José Icaza to second
Batting: RHB Clarence Neal 0-0: Ball
1-0: Fly out, F2 (Popup, 34S)
Batting: RHB Jim Scott 0-0: Ball
1-0: Grounds into double play, 6-4-3 (Groundball, 56)
Bottom of the 6th over - 0 run(s), 2 hit(s), 0 error(s), 1 left on base; Philadelphia 1776 5 - Kingston Township 1
TOP OF THE 7TH
Philadelphia 1776 BC batting - Pitching for Kingston Township Legion : LHP Roger Shaw
Batting: SHB Sam Quint 0-0: Ball
1-0: Swinging Strike
1-1: Ball
2-1: Foul Ball, location: 2F
2-2: DOUBLE (Groundball, 5L)
Batting: RHB John Schnatter 0-0: Intentional Walk
Batting: LHB Jeff Rutherford 0-0: Ball
1-0: Bunted foul
1-1: Bunted foul
1-2: Foul Ball, location: 2F
1-2: Foul Ball, location: 2F
1-2: Fly out, F6 (Popup, 6)
Batting: SHB Jesús Cabańe 0-0: Ball
1-0: Ball
2-0: Called Strike
2-1: Ball
3-1: Foul Ball, location: 2F
3-2: Base on Balls
Sam Quint to third
John Schnatter to second
Batting: RHB Patrizio Vanali 0-0: Fly out, F4 (Line Drive, 4)
Batting: LHB Tony Vega 0-0: Called Strike
0-1: Hit by Pitch
Sam Quint scores
John Schnatter to third
Jesús Cabańe to second
Batting: RHB Jesús Orozco 0-0: Called Strike
0-1: Ball
1-1: Ball
2-1: Foul Ball, location: 2F
2-2: Ball
3-2: Base on Balls
John Schnatter scores
Jesús Cabańe to third
Tony Vega to second
Batting: LHB José Rodríguez 0-0: Called Strike
0-1: Ball
1-1: Ball
2-1: Foul Ball, location: 2F
2-2: Foul Ball, location: 2F
2-2: Fielders Choice at 2nd, 4-6 (Groundball, 34)
Top of the 7th over - 2 run(s), 1 hit(s), 0 error(s), 2 left on base; Philadelphia 1776 7 - Kingston Township 1
BOTTOM OF THE 7TH
Kingston Township Legion batting - Pitching for Philadelphia 1776 BC : RHP Bill Tugwell
Batting: RHB Dani Trejo 0-0: Swinging Strike
0-1: Ball
1-1: Ground out 5-3 (Groundball, 5)
Batting: RHB Alfredo Cardenas 0-0: Called Strike
0-1: Called Strike
0-2: Ball
1-2: Ground out 4-3 (Groundball, 4M)
Batting: RHB Juan Aguirre 0-0: Fly out, F7 (Flyball, 7S)
Bottom of the 7th over - 0 run(s), 0 hit(s), 0 error(s), 0 left on base; Philadelphia 1776 7 - Kingston Township 1
TOP OF THE 8TH
Philadelphia 1776 BC batting - Pitching for Kingston Township Legion : LHP Roger Shaw
Pitching: RHP Alfonso Miranda
Batting: LHB Cliff Aldridge 0-0: Ball
1-0: Called Strike
1-1: Called Strike
1-2: Fly out, F1 (Line Drive, 15S)
Batting: SHB Sam Quint 0-0: Foul Ball, location: 2F
0-1: Swinging Strike
0-2: Ball
1-2: Foul Ball, location: 2F
1-2: Fly out, F9 (Flyball, 9LM)
Batting: RHB John Schnatter 0-0: Ball
1-0: Foul Ball, location: 2F
1-1: Foul Ball, location: 2F
1-2: Fly out, F9 (Flyball, 89S)
Top of the 8th over - 0 run(s), 0 hit(s), 0 error(s), 0 left on base; Philadelphia 1776 7 - Kingston Township 1
BOTTOM OF THE 8TH
Kingston Township Legion batting - Pitching for Philadelphia 1776 BC : RHP Bill Tugwell
Batting: LHB Tommy Sullivan 0-0: Ground out U3 (Groundball, 34)
Batting: LHB António González 0-0: Called Strike
0-1: Foul Ball, location: 2F
0-2: Foul Ball, location: 2F
0-2: Ball
1-2: Ground out 4-3 (Groundball, 4)
Batting: RHB José Icaza 0-0: Swinging Strike
0-1: Foul Ball, location: 2F
0-2: Ground out 6-3 (Groundball, 6)
Bottom of the 8th over - 0 run(s), 0 hit(s), 0 error(s), 0 left on base; Philadelphia 1776 7 - Kingston Township 1
TOP OF THE 9TH
Philadelphia 1776 BC batting - Pitching for Kingston Township Legion : RHP Alfonso Miranda
Pitching: RHP John Riggleman
Batting: LHB Jeff Rutherford 0-0: Ball
1-0: Called Strike
1-1: Foul Ball, location: 2F
1-2: Strikes out swinging, 2-3 out at first.
Batting: SHB Jesús Cabańe 0-0: Ball
1-0: Ball
2-0: Foul Ball, location: 2F
2-1: Ball
3-1: SINGLE (Groundball, 34D)
Batting: RHB Patrizio Vanali 0-0: Ball
1-0: Ball
2-0: Called Strike
2-1: Foul Ball, location: 2F
Balk!
Jesús Cabańe to second
2-2: Strikes out swinging
Batting: LHB Tony Vega 0-0: Ball
1-0: Foul Ball, location: 2F
1-1: Foul Ball, location: 2F
1-2: Ground out 5-3 (Groundball, 56)
Top of the 9th over - 0 run(s), 1 hit(s), 0 error(s), 1 left on base; Philadelphia 1776 7 - Kingston Township 1
BOTTOM OF THE 9TH
Kingston Township Legion batting - Pitching for Philadelphia 1776 BC : RHP Bill Tugwell
Batting: RHB EP Weston 0-0: Swinging Strike
0-1: Foul Ball, location: 2F
0-2: Ball
1-2: Foul Ball, location: 2F
1-2: Ball
2-2: SINGLE (Flyball, 89S)
Pitching: LHP Brian Brewer
Batting: RHB Clarence Neal 0-0: Foul Ball, location: 2F
0-1: Ball
1-1: Called Strike
1-2: Ball
2-2: Foul Ball, location: 2F
2-2: Foul Ball, location: 2F
2-2: TRIPLE (Line Drive, 9LD)
EP Weston scores
Batting: RHB Jim Scott 0-0: Ball
1-0: Swinging Strike
1-1: Swinging Strike
1-2: 2-RUN HOME RUN (Flyball, 7D), Distance : 407 ft
Pitching: RHP Carlos Ramos
Batting: RHB Dani Trejo 0-0: Ball
1-0: Foul Ball, location: 2F
1-1: Ground out 5-3 (Groundball, 56S)
Batting: RHB Alfredo Cardenas 0-0: Ball
1-0: Called Strike
1-1: Foul Ball, location: 2F
1-2: Ground out 5-3 (Groundball, 56S)
Batting: RHB Juan Aguirre 0-0: Called Strike
0-1: Ground out 6-3 (Groundball, 6MS)
Bottom of the 9th over - 3 run(s), 3 hit(s), 0 error(s), 0 left on base; Philadelphia 1776 7 - Kingston Township 4
Wednesday, September 13th, 2017 - OOTP Baseball 17.12 Build 75